 Dungeon Crawl Stone Soup version 0.17.1-1-g73c8601 (webtiles) character file.

617 Runnr the Covered (level 7, -1/44 HPs)
             Began as a Gargoyle Fighter on Jan 4, 2016.
             Killed by divine providence
             ... invoked by an orc priest
              (13 damage)
             ... on level 5 of the Dungeon.
             The game lasted 00:07:13 (4209 turns).

Runnr the Covered (Gargoyle Fighter)                Turns: 4209, Time: 00:07:13

Health: -1/44      AC: 15    Str: 17    XL:     7   Next: 45%
Magic:  7/7        EV:  7    Int:  9    God:
Gold:   221        SH:  9    Dex: 11    Spells: 0 memorised, 6 levels left

rFire  . . .     SeeInvis +     a - +0 war axe
rCold  . . .     Clarity  .     b - +0 scale mail
rNeg   + . .     SustAt   .     c - +0 shield
rPois  ∞         Gourm    .     u - +2 hat
rElec  +         Spirit   .     C - +0 cloak
rCorr  .         Warding  .     (no gloves)
rMut   .         Stasis   .     (no boots)
MR     .....                    (no amulet)
Stlth  ..........               r - ring of see invisible
                                k - -2 ring of strength (curse)

@: not resistant to hostile enchantments, extremely unstealthy
A: negative energy resistance 1, electricity resistance, unbreathing,
petrification resistance, rot immunity, AC +4
a: no special abilities


You were on level 5 of the Dungeon.
You were hungry.

You visited 1 branch of the dungeon, and saw 5 of its levels.

You collected 221 gold pieces.

Inventory:

Hand Weapons
 a - a +0 war axe (weapon)
Missiles
 A - 36 poisoned needles
 D - 3 curare-tipped needles
Armour
 b - a +0 scale mail (worn)
 c - a +0 shield (worn)
 u - a +2 hat (worn)
 C - a +0 cloak (worn)
Jewellery
 k - a cursed -2 ring of strength (left hand)
 p - an uncursed ring of flight {unknown}
 r - a ring of see invisible (right hand)
 x - an uncursed ring of ice {unknown}
Scrolls
 g - 2 scrolls of remove curse {unknown}
 h - a scroll of enchant armour {unknown}
 i - 2 scrolls of fog {unknown}
 m - 3 scrolls of identify {unknown}
 q - 2 scrolls of immolation {unknown}
 y - a scroll of amnesia {unknown}
 G - a scroll of teleportation {unknown}
Potions
 d - a potion of might
 e - a potion of flight {unknown}
 j - a potion of haste {unknown}
 n - a potion of agility {unknown}
 o - a potion of brilliance {unknown}
 s - 2 potions of heal wounds {unknown}
 t - 2 potions of curing
 v - a potion of invisibility {unknown}
 w - 2 potions of lignification {unknown}
Comestibles
 f - 3 meat rations
 l - a slice of pizza
 z - a beef jerky
 E - 3 bread rations
 F - 8 fruits


   Skills:
 + Level 5.3 Fighting
 + Level 3.8 Axes
 + Level 5.6 Armour
 + Level 5.2 Shields


You had 6 spell levels left.
You didn't know any spells.

Dungeon Overview and Level Annotations

Branches:
Dungeon (5/15)
 Temple: D:4-7

Altars:
Ashenzari
Dithmenos
Okawaru
Xom

Shops:
D:4 }

Annotations:
D:3 Clownie's ghost, amateur FoFi
D:5 Clownie's ghost, novice FoFi


Innate Abilities, Weirdness & Mutations

You are resistant to torment.
Your stone body is resilient (AC +4).
You are immune to poison.
You resist negative energy.
You are resistant to electric shocks.
You can survive without breathing.
You are immune to petrification.
You are immune to rotting.


Message History

The centaur zombie hits you.
You hit the centaur zombie.
You destroy the centaur zombie!
No target in view!
No target in view!
An orc comes into view.
It is wielding a war axe of electrocution.
The orc shouts!
An orc and an orc priest come into view.
The orc shouts!
You closely miss the orc.
The orc priest calls down the wrath of Beogh upon you.
Something smites you! You block the orc's attack.
You closely miss the orc.
The orc priest mumbles some strange prayers to Beogh against you.
Something smites you!
* * * LOW HITPOINT WARNING * * *
You block the orc's attack.
The orc priest calls down the wrath of Beogh upon you.
Something smites you!
You die...

#.....# ##### ###.....###
#.... #....#.<..# #....
##...#....# +....
#...#....# #....
#...#....#
#....#########..>.###
#o...o...###....#######
+....#@....#....#......
#....+.....'....'......
#....#######....#.....#
#...............#.....#
.................#.....#
..................#......
...............#####......
...............# ####+#
.###+####


You could see an orc priest and an orc.

Vanquished Creatures
  Sigmund (D:3)
  A scorpion (D:4)
  A centaur zombie (D:5)
  A crimson imp (D:4)
  An iguana (D:4)
  2 orc wizards (D:4)
  A worker ant (D:4)
  A worker ant zombie (D:4)
  5 adders
  6 gnolls (D:3)
  2 adder skeletons (D:4)
  2 worms
  2 giant geckos
  9 orcs (D:4)
  6 bats
  7 hobgoblins
  14 jackals
  12 kobolds
  A quokka (D:2)
  2 ball pythons
  7 giant cockroaches
  A giant gecko skeleton (D:4)
  A giant newt (D:4)
  9 goblins
  8 rats
103 creatures vanquished.

Notes
Turn   | Place    | Note
--------------------------------------------------------------
     0 | D:1      | Runnr the Gargoyle Fighter began the quest for the Orb.
     0 | D:1      | Reached XP level 1. HP: 14/14 MP: 1/1
    14 | D:1      | You fall through a shaft!
    32 | D:2      | Found an iron altar of Okawaru.
    69 | D:2      | Reached XP level 2. HP: 17/19 MP: 2/2
   281 | D:1      | Reached XP level 3. HP: 21/24 MP: 3/3
   665 | D:2      | Reached skill level 4 in Fighting
   795 | D:2      | Reached XP level 4. HP: 29/29 MP: 4/4
   967 | D:2      | You fall through a shaft for 2 floors!
  1541 | D:3      | Noticed Sigmund
  1552 | D:3      | Killed Sigmund
  1552 | D:3      | Reached XP level 5. HP: 17/34 MP: 5/5
  1552 | D:3      | Reached XP level 6. HP: 19/39 MP: 6/6
  1744 | D:3      | Noticed Clownie's ghost (amateur FoFi)
  2308 | D:3      | Found a shimmering altar of Xom.
  2309 | D:3      | Paralysed by a gnoll for 5 turns
  2499 | D:3      | Found a shattered altar of Ashenzari.
  2572 | D:4      | Reached skill level 5 in Armour
  2621 | D:4      | Found a shadowy altar of Dithmenos.
  2903 | D:4      | Reached skill level 5 in Fighting
  2903 | D:4      | Reached XP level 7. HP: 37/44 MP: 7/7
  3368 | D:4      | Reached skill level 5 in Shields
  3371 | D:4      | Found Rottaka's Gadget Emporium.
  3950 | D:5      | Entered Level 5 of the Dungeon
  4042 | D:5      | Noticed Clownie's ghost (novice FoFi)
  4209 | D:5      | Killed from afar by an orc priest

Action                   |  1- 3 |  4- 6 |  7- 9 || total
-------------------------+-------+-------+-------++-------
Melee: War axe           |    96 |   163 |    99 ||   358
  Use: Potion            |       |     1 |       ||     1
  Eat: Chunk             |       |     7 |     4 ||    11
